 Dungeon Crawl Stone Soup version 0.31-a0-255-g9c3d1c461a (webtiles) character file.

Game seed: 2377119992346634440

86 qw the Shooter (level 4, -1/26 HPs)
             Began as a Gargoyle Hexslinger on July 12, 2023.
             Slain by a quokka (3 damage)
             ... on level 3 of the Dungeon.
             The game lasted 00:00:43 (1515 turns).

qw the Shooter (Gargoyle Hexslinger)                Turns: 1515, Time: 00:00:44

Health: -1/26      AC:  9    Str: 12    XL:     4   Next: 50%
Magic:  5/5        EV: 10    Int: 13    God:
Gold:   107        SH:  0    Dex: 14    Spells: 4/5 levels left

rFire   . . .        Y - +1 sling
rCold   . . .        (no shield)
rNeg    + . .        f - +0 ring mail
rPois   inf          c - +0 helmet
rElec   +            (no cloak)
rCorr   .            (no gloves)
SInv    .            (no boots)
Will    .....        (no amulet)
Stlth   +            (no ring)
HPRegen 0.24/turn    (no ring)
MPRegen 0.09/turn

%: no passive effects
@: no status effects
A: sickness immunity, AC +3, negative energy resistance 1, electricity
resistance, torment resistance 1, petrification resistance, hooves 1, MP-powered
wands
a: no special abilities


You were on level 3 of the Dungeon.
You visited 1 branch of the dungeon, and saw 3 of its levels.

You collected 107 gold pieces.


Innate Abilities, Weirdness & Mutations

You are immune to sickness and miasma.
Your stone body is resilient. (AC +3)
You are immune to poison.
You resist negative energy. (rN+)
You are resistant to electric shocks. (rElec)
You are resistant to unholy torment.
You are immune to petrification.
You have large cloven feet.
You expend magic power (3 MP) to strengthen your wands.


   Skills:
 - Level 2.0 Fighting
 + Level 4.1 Ranged Weapons
 - Level 1.1 Armour
 - Level 1.5 Dodging
 - Level 1.0 Spellcasting
 - Level 2.6 Hexes


You had 4 spell levels left.
You knew the following spells:

 Your Spells              Type           Power      Damage    Failure   Level
a - Slow                  Hex            28%        N/A       22%         1

Your spell library contained the following spells:

 Spells                   Type           Power      Damage    Failure   Level
 Inner Flame              Hex/Fire       4%         N/A       73%         3
 Portal Projectile        Hex/Tloc       8%         N/A       73%         3
 Cause Fear               Hex            3%         N/A       91%         4

Inventory:

Hand Weapons
 Y - a +1 sling (weapon)
Armour
 c - a +0 helmet (worn)
 f - a +0 ring mail (worn)
Scrolls
 b - a scroll of identify
Potions
 a - a potion of mutation
 h - a potion of magic {unknown}
 i - a potion of brilliance {unknown}

Dungeon Overview and Level Annotations

Branches:
Dungeon (3/15)

Altars:


Message History

The sling bullet barely misses the adder.
The adder barely misses you. The adder misses you.
The quokka closely misses you. The adder bites you but does no damage.
The adder barely misses you.
You shoot a sling bullet.
The sling bullet barely misses the adder.
The quokka closely misses you.
The adder bites you but does no damage. x2
The quokka bites you but does no damage.
The adder bites you.
You shoot a sling bullet. The sling bullet misses the adder.
The adder closely misses you. The adder bites you.
The quokka bites you but does no damage.
The adder bites you but does no damage. The adder barely misses you.
You shoot a sling bullet.
The sling bullet closely misses the adder.
The quokka barely misses you. The adder bites you but does no damage.
The adder closely misses you. The adder bites you but does no damage.
The quokka barely misses you.
You shoot a sling bullet. The sling bullet hits the adder!
You kill the adder!
The adder bites you but does no damage. The quokka misses you.
The adder closely misses you.
Your Ranged Weapons skill increases to level 4!
You shoot a sling bullet. The sling bullet hits the adder!
The adder is severely wounded.
The quokka barely misses you. The adder bites you. The quokka misses you.
The adder barely misses you.
You shoot a sling bullet.
The sling bullet barely misses the adder.
The quokka bites you but does no damage.
The adder bites you.
The quokka bites you but does no damage.
You shoot a sling bullet.
The sling bullet closely misses the adder.
The adder bites you but does no damage. The quokka barely misses you.
The adder barely misses you.
You shoot a sling bullet.
The sling bullet closely misses the adder.
The quokka bites you.
You die...

###....... #. #.##
#...#..... #..
....### #.#.######
#..###......###.#.#
........# #)#...#.#
........# #...###.#
........###...# #.##
.............###....
..$...r@####......#
......S...........#
.#.#.####.#####...#
.. #..# ...# ...
(#.# ..# .. #. .. ##
. .< ... ... ....
##. #...#


You could see an adder and a quokka.

Vanquished Creatures
  3 adders
  3 worms
  A dart slug (D:1)
  6 endoplasms
  A giant cockroach (D:1)
  6 hobgoblins
  A quokka (D:1)
  7 ball pythons
  4 bats
  3 frilled lizards
  6 goblins
  4 kobolds
  3 rats
48 creatures vanquished.

Notes
Turn   | Place    | Note
-------+----------+-------------------------------------------
     0 | D:1      | qw the Gargoyle Hexslinger began the quest for the Orb.
     0 | D:1      | Reached XP level 1. HP: 12/12 MP: 2/2
     0 | D:1      | 0 ||| qw: Version: 0.3-a-52-g30416fa
     0 | D:1      | 0 ||| qw: Game counter: 6712
     0 | D:1      | 0 ||| qw: Melee chars always use a shield: true
     0 | D:1      | 0 ||| qw: God list: Okawaru
     0 | D:1      | 0 ||| qw: Allow faded altars: false
     0 | D:1      | 0 ||| qw: Do Orc after clearing Dungeon:15 true
     0 | D:1      | 0 ||| qw: Do second Lair branch before Depths: true
     0 | D:1      | 0 ||| qw: Lair rune preference: random
     0 | D:1      | 0 ||| qw: Goals: Normal
     0 | D:1      | 0 ||| PLANNING D:1-11
    65 | D:1      | 65 ||| FLEEEEING.
    66 | D:1      | 66 ||| FLEEEEING.
   104 | D:1      | Reached XP level 2. HP: 16/16 MP: 3/3
   214 | D:1      | Reached skill level 3 in Ranged Weapons
   548 | D:1      | Reached XP level 3. HP: 21/21 MP: 4/4
   858 | D:1      | 858 ||| UPGRADING to +0 ring mail.
   868 | D:1      | 868 ||| DROPPING +0 robe.
   869 | D:1      | 869 ||| READING scroll labelled SYOREN HINAU.
   870 | D:1      | 870 ||| READING scroll labelled JAOFAHEHAE.
   871 | D:1      | 871 ||| READING scroll labelled WIRAAP LIUPAY.
   872 | D:1      | 872 ||| READING scroll labelled OSHUASK SABOD.
   873 | D:1      | 873 ||| DROPPING scroll of poison.
   927 | D:2      | Found a faded altar of an unknown god.
  1283 | D:2      | Reached XP level 4. HP: 22/26 MP: 5/5
  1361 | D:2      | 1361 ||| UPGRADING to +0 helmet.
  1366 | D:2      | 1366 ||| READING scroll labelled LUTTIW NAGEFF.
  1371 | D:2      | 1371 ||| DRINKING 2 ruby potions.
  1371 | D:2      | Gained mutation: You expend magic power (3 MP) to
                  | strengthen your wands. [potion of mutation]
  1371 | D:2      | Gained mutation: You have large cloven feet. [potion of
                  | mutation]
  1475 | D:3      | Reached skill level 1 in Armour
  1508 | D:3      | HP: 6/26 [adder (3)]
  1512 | D:3      | Reached skill level 4 in Ranged Weapons
  1512 | D:3      | HP: 2/26 [adder (3)]
  1515 | D:3      | Slain by a quokka

Levels and vault maps discovered:
D:1:      dpeg_arrival_rooms_b, layout_basic
D:2:      layout_rooms, chequers_ecumenical_altar_simple
D:3:      layout_rooms, serial_shops, nicolae_shop_pleasant_corner_grove

Skill      XL: |  1  2  3  4 |
---------------+-------------+-----
Ranged Weapons | 3 4 |  4.1
Fighting       | 2 |  2.0
Armour         | 1 |  1.1
Dodging        | |  1.5
Spellcasting   | |  1.0
Hexes          | |  2.6

Action                     |  1- 3 |  4- 6 || total
---------------------------+-------+-------++-------
   Fire: Sling             |   134 |    51 ||   185
    Use: Scroll            |     4 |     1 ||     5
         Potion            |       |     1 ||     1
 Armour: Robe              |     7 |       ||     7
         Ring mail         |    15 |    44 ||    59
  Dodge: Dodged            |    19 |    51 ||    70

Table legend:
 A = Non-vault XP
 B = Vault XP
 C = Vault XP percentage of total XP
 D = Non-vault monster count
 E = Vault monster count
 F = Vault count percentage of total count
                 A         B        C        D         E       F
            +---------+---------+-------+---------+---------+-------
      Total |     124 |       0 |   0.0 |      48 |       0 |   0.0
            +---------+---------+-------+---------+---------+-------
        D:1 |      38 |       0 |   0.0 |      22 |       0 |   0.0
        D:2 |      45 |       0 |   0.0 |      18 |       0 |   0.0
        D:3 |      41 |       0 |   0.0 |       8 |       0 |   0.0
            +---------+---------+-------+---------+---------+-------
